 Dungeon Crawl Stone Soup version 0.22-a0-617-g6d95e9e (webtiles) character file.

889 iamserjio the Chopper (level 8, 0/73 HPs)
             Began as a Naga Berserker on July 12, 2018.
             Was a Believer of Trog.
             Slain by a centaur (4 damage)
             ... on level 6 of the Dungeon.
             The game lasted 00:10:34 (1329 turns).

iamserjio the Chopper (Naga Berserker)              Turns: 1329, Time: 00:10:34

Health: 0/73       AC:  9    Str: 21    XL:     8   Next: 6%
Magic:  8/8        EV:  5    Int: 14    God:    Trog [**....]
Gold:   480        SH:  3    Dex: 10    Spells: 7/7 levels left

rFire    . . .     SeeInvis +   a - +0 hand axe
rCold    . . .     Gourm    .   C - +0 buckler
rNeg     . . .     Faith    .   j - +0 chain mail
rPois    +         Spirit   .   (no helmet)
rElec    .         Reflect  .   (no cloak)
rCorr    .         Harm     .   s - +0 pair of gloves
MR       +++..                  (no barding)
Stlth    ..........             h - amulet of the acrobat
HPRegen  1.22/turn              (no ring)
MPRegen  0.11/turn              (no ring)

@: brilliant, marked, berserk cooldown, regenerating, slowed, very slow
A: large, see invisible, deformed body, poison resistance, slowness 2, slow
metabolism 1, spit poison 1, AC +2
a: Spit Poison, Berserk, Trog's Hand, Renounce Religion


You were on level 6 of the Dungeon.
You worshipped Trog.
Trog was pleased with you.
You were not hungry.

You visited 1 branch of the dungeon, and saw 6 of its levels.
You also visited: Ossuary.

You collected 480 gold pieces.

Inventory:

Hand Weapons
 a - a +0 hand axe (weapon)
 q - a +0 flail of venom
Missiles
 o - 3 tomahawks (quivered)
 t - 6 poisoned needles
 D - 6 javelins
Armour
 b - a +0 animal skin
 j - a +0 chain mail (worn)
 s - a +0 pair of gloves (worn)
 C - a +0 buckler (worn)
Jewellery
 h - an amulet of the acrobat (around neck)
 x - an uncursed amulet of guardian spirit {unknown}
 B - a +3 ring of dexterity {unknown}
Wands
 r - a wand of paralysis (10)
 y - a wand of enslavement (17)
Scrolls
 e - a scroll of fog {unknown}
 g - 2 scrolls of remove curse {unknown}
 i - a scroll of enchant armour {unknown}
 k - 2 scrolls of amnesia {unknown}
 m - a scroll of magic mapping {unknown}
 u - a scroll of enchant weapon {unknown}
 w - 4 scrolls of identify {unknown}
 E - a scroll of random uselessness {unknown}
 F - 2 scrolls of teleportation {unknown}
 G - a scroll of immolation {unknown}
Potions
 d - 2 potions of brilliance
 f - a potion of agility {unknown}
 l - 2 potions of heal wounds {unknown}
 n - 2 potions of berserk rage
 p - 3 potions of curing {unknown}
 v - a potion of resistance {unknown}
 A - a potion of lignification {unknown}
Comestibles
 c - 6 rations
 z - a chunk of flesh


   Skills:
 + Level 4.9 Fighting
 * Level 6.3 Axes
 + Level 3.6 Armour
 - Level 1.5 Dodging
 + Level 5.9 Stealth


You had 7 spell levels left.
You didn't know any spells.
Your spell library was empty.

Dungeon Overview and Level Annotations

Branches:
Dungeon (6/15)
 Temple: D:4-7

Altars:
Makhleb
Qazlal
Ru

Annotations:
D:4 Sigmund


Innate Abilities, Weirdness & Mutations

You cannot wear boots.
Your serpentine skin is tough. (AC +2)
You have supernaturally acute eyesight. (SInv)
Armour fits poorly on your strangely shaped body.
Your system is resistant to poisons. (rPois)
You cover ground very slowly.
You have a slow metabolism.
You can spit poison.


Message History

The quokka misses you. The centaur closely misses you.
A sky beast comes into view.
The quokka misses you.
You see here 2 arrows.
It was a potion of brilliance.
You feel clever all of a sudden. The centaur hits you.
* * * LOW HITPOINT WARNING * * *
The centaur hits you.
* * * LOW HITPOINT WARNING * * *
The quokka bites you.
* * * LOW HITPOINT WARNING * * *
The centaur hits you.
* * * LOW HITPOINT WARNING * * *
It was a potion of berserk rage.
You're still recovering from your berserk rage.
The quokka bites you but does no damage.
The centaur hits you but does no damage.
The quokka completely misses you. The centaur hits you.
You die...

##.# #.#
#.# #.# #Y#
#.# #.#
#########c#
.......r@.#
###########


You could see a sky beast, a centaur and a quokka.

Vanquished Creatures
  A phantom (D:4)
  2 ogres
  An elf zombie (Ossuary)
  A bullfrog (D:6)
  A scorpion (D:4)
  A howler monkey (D:4)
  An orc priest (D:4)
  A bullfrog skeleton (D:6)
  2 hounds
  2 orc wizards (D:4)
  Ijyb (D:4)
  2 worker ants (D:4)
  A big kobold zombie (Ossuary)
  A hound skeleton (D:4)
  2 mummies (Ossuary)
  3 gnolls (D:3)
  4 adders
  2 dart slugs
  A worm (D:6)
  An orc (D:4)
  A ball python (D:1)
  3 giant cockroaches
  3 gnoll zombies (Ossuary)
  5 goblins
  2 jackals (D:6)
  2 kobolds (D:2)
  4 bats
  5 frilled lizards
  3 goblin zombies (Ossuary)
  5 hobgoblin zombies (Ossuary)
  An orc zombie (Ossuary)
  4 rats
69 creatures vanquished.

Notes
Turn   | Place    | Note
-------+----------+-------------------------------------------
     0 | D:1      | iamserjio the Naga Berserker began the quest for the Orb.
     0 | D:1      | Reached XP level 1. HP: 21/21 MP: 1/1
   176 | D:2      | Reached skill level 1 in Stealth
   176 | D:2      | Reached XP level 2. HP: 28/28 MP: 2/2
   255 | D:2      | Reached XP level 3. HP: 32/34 MP: 3/3
   284 | D:2      | Reached ** piety under Trog
   495 | D:4      | Reached XP level 4. HP: 42/42 MP: 4/4
   499 | D:4      | Reached skill level 4 in Axes
   499 | D:4      | Reached XP level 5. HP: 42/49 MP: 5/5
   534 | D:4      | Found a sand-covered staircase.
   543 | Ossuary  | Entered an ossuary
   607 | Ossuary  | Reached XP level 6. HP: 18/57 MP: 6/6
   700 | D:4      | Noticed a phantom
   738 | D:4      | Found a burning altar of Makhleb.
   738 | D:4      | Found a stormy altar of Qazlal.
   743 | D:4      | Killed a phantom
   743 | D:4      | Reached skill level 5 in Axes
   762 | D:4      | Found a sacrificial altar of Ru.
   773 | D:4      | Reached XP level 7. HP: 27/66 MP: 7/7
   794 | D:4      | Reached skill level 5 in Stealth
   797 | D:4      | Noticed Sigmund
   953 | D:4      | Noticed Ijyb
   960 | D:4      | Killed Ijyb
  1037 | D:5      | Entered Level 5 of the Dungeon
  1259 | D:6      | Reached skill level 6 in Axes
  1309 | D:6      | Reached XP level 8. HP: 59/73 MP: 8/8
  1328 | D:6      | HP: 2/73 [centaur (4)]
  1329 | D:6      | Slain by a centaur

Vault maps used:
D:1:      minmay_arrival_cross
D:2:      hangedman_decor_clover_reticule
D:3:      ebering_ghost_sewer_f, first_ration, kennysheep_okawaru_gauntlet
D:4:      led_sif_book, nicolae_overflow_crystal_walls,
          gammafunk_temple_overflow_pools, lightli_ossuary_entry_decrepit_ruins,
          uniq_sigmund, uniq_ijyb
D:5:      lemuel_coloured_pillars_altar
D:6:      nicolae_gozag_cash_rules_everything_around_me, lemuel_doored_altar,
          temple_doors_e
Ossuary:  minmay_ossuary_gauntlet

Skill      XL: |  1  2  3  4  5  6  7 |
---------------+----------------------+-----
Stealth        | 1 2 3 4 5 |  5.9
Armour         | 2 3 |  3.6
Axes           | 4 5 6 |  6.3
Fighting       | 4 |  4.9
Dodging        | |  1.5

Action                   |  1- 3 |  4- 6 |  7- 9 || total
-------------------------+-------+-------+-------++-------
Melee: Hand axe          |    61 |   111 |   101 ||   273
Invok: Berserk           |     2 |     4 |     4 ||    10
       Trog's Hand       |       |     2 |     3 ||     5
 Abil: Spit Poison       |     6 |     2 |     2 ||    10
Evoke: Wand              |       |       |     1 ||     1
  Use: Potion            |       |       |     2 ||     2
 Stab: Paralysed         |       |       |     5 ||     5
  Eat: Chunk             |       |     1 |     5 ||     6
       Ration            |       |     1 |     1 ||     2
Armor: Animal skin       |     3 |       |       ||     3
       Chain mail        |    31 |    64 |    51 ||   146
Dodge: Dodged            |    33 |    41 |    43 ||   117
Block: Buckler           |       |       |     6 ||     6

Table legend:
 A = Spawn XP
 B = Non-spawn XP
 C = Spawn XP percentage of total XP
 D = Spawn monster count
 E = Non-spawn monster count
 F = Spawn count percentage of total count
 G = Total turns spent on level
                    A         B        C        D         E        F      G
               +---------+---------+-------+---------+---------+-------+---------
         Total |       0 |    1271 |   0.0 |       0 |      69 |   0.0 |  1329
               +---------+---------+-------+---------+---------+-------+---------
           D:1 |       0 |      16 |   0.0 |       0 |      11 |   0.0 |   244
           D:2 |       0 |      47 |   0.0 |       0 |      14 |   0.0 |   182
           D:3 |       0 |      43 |   0.0 |       0 |       4 |   0.0 |   104
           D:4 |       0 |     677 |   0.0 |       0 |      15 |   0.0 |   420
           D:5 |       0 |       2 |   0.0 |       0 |       1 |   0.0 |    92
           D:6 |       0 |     314 |   0.0 |       0 |       8 |   0.0 |   136
       Ossuary |       0 |     172 |   0.0 |       0 |      16 |   0.0 |   151
               +---------+---------+-------+---------+---------+-------+---------
